 Dungeon Crawl Stone Soup version 0.31-a0-542-gdc2a67831c (webtiles) character file.

Game seed: 1203521956859420211

54345 mopl the Polluter (level 15, 0/117 HPs)
             Began as a Formicid Venom Mage on Aug 14, 2023.
             Was the Champion of Cheibriados.
             Slain by a skyshark (16 damage)
             ... on level 4 of the Lair of Beasts.
             The game lasted 00:38:29 (14041 turns).

mopl the Polluter (Formicid Venom Mage)            Turns: 14041, Time: 00:38:30

Health: 0/117      AC: 13    Str: 28    XL:     15   Next: 13%
Magic:  17/22      EV: 21    Int: 37    God:    Cheibriados [******]
Gold:   843        SH: 11    Dex: 29    Spells: 12/20 levels left

rFire   . . .        d - +6 halberd (freeze)
rCold   + . .        x - +2 buckler
rNeg    . . .        R - +0 acid dragon scales
rPois   +            (helmet unavailable)
rElec   .            L - +0 cloak
rCorr   +            v - +2 pair of gloves {Stlth+}
SInv    +            (no boots)
Will    ++...        k - amulet "Achirobi" {rC+ Regen+}
Stlth   ++++         J - ring of willpower
HPRegen 1.19/turn    i - ring of poison resistance
MPRegen 0.18/turn

%: no passive effects
@: very slow
A: permanent stasis, dig shafts and tunnels, antennae 3, four strong arms
a: Dig, Shaft Self, Renounce Religion, Bend Time, Temporal Distortion, Slouch,
Step From Time


You were on level 4 of the Lair of Beasts.
You worshipped Cheibriados.
Cheibriados was exalted by your worship.
You visited 4 branches of the dungeon, and saw 18 of its levels.
You also visited: Gauntlet and Ice Cave.

You collected 1607 gold pieces.
You spent 764 gold pieces at shops.

Inventory:

Hand Weapons
 d - a +6 halberd of freezing (weapon)
 s - a +2 spear of flaming
 C - a +5 glaive of protection
 E - a +0 battleaxe of freezing
 Q - a +1 war axe of electrocution
Missiles
 u - 15 javelins
 D - 18 boomerangs
 O - 2 atropa-tipped darts
 P - 18 poisoned darts
Armour
 v - a +2 pair of gloves of stealth (worn)
 x - a +2 buckler (worn)
 L - a +0 cloak (worn)
 R - +0 acid dragon scales (worn)
 T - a +2 scale mail of cold resistance
Magical Staves
 B - a staff of poison
Jewellery
 i - a ring of poison resistance (right hand)
 k - the amulet "Achirobi" (around neck) {rC+ Regen+}
   (You found it on level 2 of the Dungeon)

   [amulet of regeneration]

   rC+:       It protects you from cold.
   Regen+:    It increases your rate of health regeneration.
 A - a ring of ice
 J - a ring of willpower (left hand)
 W - a ring of fire
 X - the amulet "Othiracs" {RegenMP *Slow rC++ rN+++ Str-3}
   (You took it off an orc wizard on level 9 of the Dungeon)

   [amulet of magic regeneration]

   RegenMP:   It increases your rate of magic regeneration.
   Str-3:     It affects your strength (-3).
   rC++:      It greatly protects you from cold.
   rN+++:     It renders you almost immune to negative energy.
   *Slow:     It may slow you when you take damage.
Wands
 j - a wand of flame (27)
 G - a wand of roots (21)
 I - a wand of paralysis (13)
 K - a wand of light (7)
Scrolls
 a - a scroll of vulnerability
 c - a scroll of fog
 o - 2 scrolls of silence {!r}
 r - 4 scrolls of poison {unknown}
 t - 4 scrolls of enchant armour
 w - 2 scrolls of amnesia
 y - 4 scrolls of revelation
 z - a scroll of summoning {unknown}
 F - a scroll of torment {unknown}
 N - 3 scrolls of enchant weapon
 U - a scroll of fear
 Y - a scroll of immolation
Potions
 b - 3 potions of magic
 e - 5 potions of curing
 f - 2 potions of lignification {!q}
 g - 5 potions of resistance
 h - 2 potions of cancellation
 l - 3 potions of enlightenment
 p - a potion of invisibility
 q - 2 potions of ambrosia
 H - 3 potions of might
 Z - 2 potions of heal wounds
Miscellaneous
 m - a phantom mirror
 n - a box of beasts
 S - a phial of floods
 V - a lightning rod (4/4)


   Skills:
 + Level 10.6 Fighting
 + Level 10.7 Armour
 + Level 9.0 Dodging
 - Level 2.4 Stealth
 + Level 12.1 Shields
 - Level 3.0 Spellcasting
 - Level 1.1 Transmutations
 + Level 15.1 Poison Magic
 + Level 10.4 Invocations
 + Level 10.3 Evocations


You had 12 spell levels left.
You knew the following spells:

 Your Spells              Type           Power      Damage    Failure   Level
a - Sting                 Tmut/Pois      100%       1d8       1%          1
c - Mephitic Cloud        Conj/Pois/Air  42%        N/A       2%          3
o - Olgreb's Toxic Radia  Pois           87%        N/A       1%          4

Your spell library contained the following spells:

 Spells                   Type           Power      Damage    Failure   Level
 Poisonous Vapours        Pois/Air       100%       N/A       1%          2
 Foxfire                  Conj/Fire      20%        2x1d5     5%          1
 Lesser Beckoning         Tloc           10%        N/A       9%          2
 Sublimation of Blood     Necr           5%         N/A       9%          2
 Call Canine Familiar     Summ           5%         N/A       17%         3
 Gell's Gravitas          Tloc           5%         N/A       17%         3
 Hailstorm                Conj/Ice       5%         3d4       17%         3
 Portal Projectile        Hex/Tloc       10%        N/A       17%         3
 Teleport Other           Tloc           5%         N/A       17%         3
 Tukima's Dance           Hex            5%         N/A       17%         3
 Petrify                  Tmut/Erth      9%         N/A       41%         4
 Anguish                  Hex/Necr       2%         N/A       50%         4
 Cause Fear               Hex            2%         N/A       50%         4
 Flame Wave               Conj/Fire      5%         2d5       50%         4
 Iskenderun's Mystic Bla  Conj/Tloc      5%         2d3       50%         4
 Leda's Liquefaction      Hex/Erth       2%         N/A       50%         4
 Sticky Flame             Conj/Fire      5%         2d3       50%         4
 Summon Ice Beast         Ice/Summ       5%         N/A       50%         4
 Irradiate                Conj/Tmut      4%         3d13      77%         5
 Simulacrum               Ice/Necr       2%         N/A       100%        6
 Summon Cactus Giant      Summ           2%         N/A       100%        6
 Enfeeble                 Hex            2%         N/A       100%        7


Dungeon Overview and Level Annotations

Branches:
Dungeon (11/15)            Temple (1/1) D:7            Lair (4/5) D:9
 Shoals (0/4) Lair:3       Spider (0/4) Lair:3          Orc (2/2) D:9
    Elf (0/3) Orc:2         IceCv (visited)         Gauntlet (visited)
  Slime: Lair:4-5

Altars:
Ashenzari
Cheibriados
Dithmenos
Elyvilon
Fedhas
Gozag
Hepliaklqana
Kikubaaqudgha
Makhleb
Nemelex Xobeh
Okawaru
Qazlal
Ru
Sif Muna
Trog
Uskayaw
Vehumet
Wu Jian
Xom
Yredelemnul
Zin
The Shining One

Shops:
D:1 !   D:7 ?   D:10 (   Orc:2 :(!

Annotations:
D:6 2 runed translucent doors, Maratek's ghost, novice DrFi
D:7 2 transporters, exclusion: oklob plant, FlatIsJustice's ghost, amateur FoFi
D:9 2 runed translucent doors
D:10 1 runed translucent door, MrCrawl's ghost, novice TeFE
D:11 3 runed translucent doors, Tigeam's ghost, journeyman MfIE


Innate Abilities, Weirdness & Mutations

You cannot be hasted, slowed, berserked, paralysed or teleported.
You can dig through walls and to a lower floor.
You have a pair of large antennae on your head. (SInv)
Your four strong arms can wield two-handed weapons with a shield.


Message History

The skyshark looks even sicker.
You block the komodo dragon's attack.
The skyshark bites you but does no damage.
The skyshark tail-slaps you but does no damage.
The skyshark tail-slaps you.
Unknown command.
You hit the komodo dragon.
The komodo dragon seems to slow down.
You freeze the komodo dragon.
The komodo dragon is heavily wounded.
The skyshark looks even sicker.
The komodo dragon looks even sicker.
The ice encasing you melts away. The skyshark bites you!
The skyshark tastes blood and grows stronger!
You block the skyshark's attack. The skyshark misses you.
You block the komodo dragon's attack. The skyshark bites you!
The skyshark enters a blood-rage!
The skyshark misses you. The skyshark completely misses you.
You are too injured to fight recklessly!
You hit the skyshark. You freeze the skyshark.
The skyshark is heavily wounded.
The komodo dragon looks as sick as possible!
Your toxic aura wanes.
The skyshark bites you.
The skyshark tail-slaps you but does no damage.
You block the skyshark's attack. You block the komodo dragon's attack.
You block the skyshark's attack. x2; The skyshark closely misses you.
You hit the skyshark but do no damage.
The skyshark is heavily wounded.
The skyshark bites you!
* * * LOW HITPOINT WARNING * * *
You block the skyshark's attack.
The skyshark tail-slaps you but does no damage.
You block the komodo dragon's attack. The skyshark bites you!
* * * LOW HITPOINT WARNING * * *
The skyshark misses you. The skyshark barely misses you.
You slash the skyshark!
The skyshark seems to slow down.
You freeze the skyshark.
The skyshark is heavily wounded.
The komodo dragon is no longer moving slowly.
The skyshark bites you!
You die...

####.#.P#P.#........#
...................##
...................#
..........#.......##
.........##.##P.###
........##### ###
.^......##
.#.......####
##.....@...#
###...ll....#
#............
#..P..........
#...P..<......
#.............
#..............
.$.#...........


You could see a skyshark (berserk, very poisoned, slow) and a komodo dragon
(very poisoned).

Vanquished Creatures
  Nessos (Orc:2)
  A minotaur (Gauntlet)
  Snorg (Orc:2)
  2 catoblepae
  An ice dragon (Lair:3)
  A centaur warrior (D:9)
  2 boulder beetles
  4 death yaks
  2 orc high priests (Orc:2)
  Urug (D:11)
  A skyshark (Lair:4)
  A sixfirhy (Gauntlet)
  An orb spider (Lair:3)
  5 orc knights
  2 ugly things (IceCv)
  2 cyclopes
  4 orc sorcerers (Orc:2)
  A manticore (Lair:3)
  2 black mambas
  5 elephants (Lair:2)
  3 ice statues (IceCv)
  2 molten gargoyles (Gauntlet)
  2 torpor snails
  2 gargoyles (Gauntlet)
  7 cane toads
  A kobold demonologist (D:10)
  4 rime drakes
  7 komodo dragons
  An anaconda simulacrum (IceCv)
  6 trolls
  A queen bee (Gauntlet)
  2 polar bears (Lair:3)
  A wind drake (Lair:3)
  4 hornets
  13 blink frogs
  Sigmund (D:2)
  6 wyverns
  67 yaks
  A basilisk (Lair:1)
  2 steam dragons
  5 vampire mosquitoes
  3 wargs
  4 water moccasins
  3 acid dragons
  A hydra simulacrum (IceCv)
  2 ice beasts
  26 orc warriors
  Pargi (D:4)
  A sky beast (D:7)
  A black bear (Lair:1)
  7 ogres
  10 wolves
  7 centaurs
  A kobold brigand (D:10)
  8 bullfrogs
  2 gnoll sergeants
  A scorpion (D:6)
  10 wights
  17 killer bees
  3 elephant simulacra (IceCv)
  10 howler monkeys
  3 jellies
  3 hounds
  14 orc priests
  A sleepcap (D:8)
  Jessica (D:2)
  9 iguanas
  20 orc wizards
  A polar bear simulacrum (IceCv)
  A wolf simulacrum (IceCv)
  Robin (D:3)
  7 adders
  9 gnolls
  A shadow imp (D:6)
  A white imp (D:8)
  4 ufetubi
  2 dart slugs
  58 orcs
  6 ball pythons
  9 bats
  8 endoplasms
  6 giant cockroaches
  12 goblins
  9 hobgoblins
  9 quokkas
  3 frilled lizards (D:3)
  8 kobolds
  7 rats
509 creatures vanquished.

Vanquished Creatures (others)
  An orc high priest (Orc:2)
1 creature vanquished.

Grand Total: 510 creatures vanquished

Notes
Turn   | Place    | Note
-------+----------+-------------------------------------------
     0 | D:1      | mopl the Formicid Venom Mage began the quest for the Orb.
     0 | D:1      | Reached XP level 1. HP: 13/13 MP: 3/3
    28 | D:1      | Found Qayl's Distillery.
   119 | D:1      | Reached XP level 2. HP: 14/19 MP: 0/5
   484 | D:1      | Reached XP level 3. HP: 22/24 MP: 2/7
   611 | D:1      | Reached skill level 3 in Spellcasting
   681 | D:1      | Reached skill level 5 in Poison Magic
  1153 | D:1      | Bought a potion of curing for 30 gold pieces
  1153 | D:1      | Bought a potion of lignification for 30 gold pieces
  1185 | D:2      | Learned a level 3 spell: Mephitic Cloud
  1368 | D:2      | Reached XP level 4. HP: 30/30 MP: 6/8
  1369 | D:2      | Noticed Jessica
  1374 | D:2      | Killed Jessica
  1375 | D:2      | Reached skill level 6 in Poison Magic
  1476 | D:2      | Noticed Sigmund
  1517 | D:1      | Learned a level 4 spell: Olgreb's Toxic Radiance
  1631 | D:2      | Killed Sigmund
  1632 | D:2      | Reached skill level 8 in Poison Magic
  1632 | D:2      | Reached XP level 5. HP: 11/35 MP: 6/9
  1632 | D:2      | Reached XP level 6. HP: 13/41 MP: 6/10
  1827 | D:2      | Identified the amulet "Achirobi" {rC+ Regen+}
  2633 | D:3      | Found a sacrificial altar of Ru.
  2681 | D:3      | Reached skill level 9 in Poison Magic
  2767 | D:3      | Noticed Robin
  2774 | D:3      | Killed Robin
  2775 | D:3      | Reached XP level 7. HP: 46/46 MP: 2/11
  3323 | D:4      | Noticed Pargi
  3331 | D:4      | Killed Pargi
  3332 | D:4      | Reached skill level 1 in Fighting
  3332 | D:4      | Reached skill level 1 in Armour
  3332 | D:4      | Reached skill level 2 in Dodging
  3332 | D:4      | Reached skill level 1 in Evocations
  3752 | D:5      | Entered Level 5 of the Dungeon
  4273 | D:5      | Reached skill level 2 in Fighting
  4273 | D:5      | Reached skill level 2 in Armour
  4273 | D:5      | Reached skill level 1 in Shields
  4273 | D:5      | Reached skill level 2 in Evocations
  4273 | D:5      | Reached XP level 8. HP: 56/56 MP: 8/12
  4377 | D:5      | Identified the ring "Urick" {rC+ Str-5 Dex+6 SInv}
  4447 | D:6      | Found a runed translucent door.
  4454 | D:6      | Noticed Maratek's ghost (novice DrFi)
  4499 | D:6      | Reached skill level 3 in Dodging
  4499 | D:6      | Reached skill level 2 in Shields
  4640 | D:6      | Found a shimmering altar of Xom.
  4765 | D:6      | Reached skill level 10 in Poison Magic
  4783 | D:6      | Found an opulent altar of Gozag.
  4783 | D:6      | Found a broken altar of Ashenzari.
  4790 | D:6      | Reached skill level 3 in Fighting
  4798 | D:6      | Reached skill level 3 in Armour
  4798 | D:6      | Reached skill level 3 in Shields
  4798 | D:6      | Reached skill level 3 in Evocations
  4870 | D:6      | Reached XP level 9. HP: 54/64 MP: 8/13
  4934 | D:6      | Found a glowing golden altar of the Shining One.
  4990 | D:6      | Found a runed translucent door.
  5151 | D:6      | Found an ancient bone altar of Kikubaaqudgha.
  5283 | D:7      | Noticed FlatIsJustice's ghost (amateur FoFi)
  5288 | D:7      | Found a transporter.
  5288 | D:7      | Noticed an oklob plant
  5297 | D:7      | Found a transporter.
  5322 | D:7      | Reached skill level 4 in Shields
  5363 | D:7      | Found a staircase to the Ecumenical Temple.
  5366 | D:7      | Reached skill level 4 in Fighting
  5374 | Temple   | Entered the Ecumenical Temple
  5389 | Temple   | Became a worshipper of Cheibriados the Contemplative
  5506 | D:7      | Found Fupoeq's Magic Scroll Emporium.
  5632 | D:7      | Reached skill level 4 in Armour
  5635 | D:7      | Reached skill level 4 in Dodging
  5635 | D:7      | Reached skill level 4 in Evocations
  5636 | D:7      | Reached skill level 1 in Invocations
  5904 | D:1      | Bought a potion of enlightenment for 50 gold pieces
  5904 | D:1      | Bought a potion of might for 40 gold pieces
  5904 | D:1      | Bought a potion of resistance for 100 gold pieces
  5904 | D:1      | Bought a potion of brilliance for 40 gold pieces
  6051 | D:7      | Bought a scroll of identify for 24 gold pieces
  6155 | D:8      | Reached skill level 2 in Invocations
  6157 | D:8      | Reached skill level 5 in Shields
  6164 | D:8      | Reached XP level 10. HP: 31/73 MP: 0/14
  6167 | D:8      | Reached skill level 11 in Poison Magic
  6168 | D:8      | Reached skill level 5 in Fighting
  6168 | D:8      | Reached skill level 5 in Armour
  6238 | D:8      | Got Bomnothow's Compilation of Red-Hot Support
  6316 | D:8      | Reached * piety under Cheibriados
  6317 | D:8      | Reached skill level 3 in Invocations
  6328 | D:8      | Reached skill level 5 in Evocations
  6439 | D:8      | Noticed a boulder beetle
  6454 | D:8      | Killed a boulder beetle
  6455 | D:8      | Reached skill level 6 in Shields
  6806 | D:8      | Found a stormy altar of Qazlal.
  6859 | D:9      | Reached skill level 5 in Dodging
  6978 | D:9      | Reached skill level 4 in Invocations
  7193 | D:9      | HP: 2/66 [wight/+2 falchion (5)]
  7195 | D:9      | Reached ** piety under Cheibriados
  7291 | D:9      | Found a large runed translucent door.
  7291 | D:9      | Identified the amulet "Othiracs" {RegenMP *Slow rC++ rN+++
                  | Str-3}
  7314 | D:9      | Found a large runed translucent door.
  7315 | D:9      | Noticed a cyclops
  7359 | D:9      | Found a staircase to the Orcish Mines.
  7367 | D:9      | Reached skill level 6 in Fighting
  7408 | D:9      | Reached skill level 6 in Armour
  7411 | D:9      | Reached XP level 11. HP: 67/75 MP: 10/15
  7515 | D:9      | Reached skill level 6 in Evocations
  7607 | D:9      | Found a staircase to the Lair.
  7613 | D:9      | Reached skill level 7 in Shields
  7657 | D:9      | Found a large runed translucent door.
  7659 | D:9      | Found a large runed translucent door.
  7669 | D:9      | Reached skill level 5 in Invocations
  7717 | D:9      | Reached *** piety under Cheibriados
  7724 | D:9      | Noticed a centaur warrior
  7730 | D:9      | HP: 2/83 [centaur warrior/arrow (18)]
  7737 | D:9      | Killed a centaur warrior
  7738 | D:9      | Reached skill level 12 in Poison Magic
  8063 | D:9      | Killed a cyclops
  8088 | D:10     | Entered Level 10 of the Dungeon
  8088 | D:10     | Found Kienla's Antique Weapon Boutique.
  8104 | D:10     | Reached skill level 6 in Dodging
  8242 | D:7      | Bought a scroll of revelation for 90 gold pieces
  8242 | D:7      | Bought a scroll of immolation for 48 gold pieces
  8405 | D:10     | Found a runed translucent door.
  8431 | D:10     | Noticed MrCrawl's ghost (novice TeFE)
  8440 | D:10     | Reached skill level 7 in Fighting
  8440 | D:10     | Reached skill level 7 in Armour
  8493 | D:10     | Reached **** piety under Cheibriados
  8546 | D:10     | Found a hazy altar of Hepliaklqana.
  8620 | D:10     | Found a bloodstained altar of Trog.
  8712 | D:11     | Found a runed translucent gate.
  8712 | D:11     | Found a runed translucent gate.
  8714 | D:11     | Found a runed translucent gate.
  8721 | D:11     | Noticed a minotaur
  8721 | D:11     | Noticed Tigeam's ghost (journeyman MfIE)
  8721 | D:11     | Noticed a cyclops
  8725 | D:11     | Noticed a manticore
  8770 | D:11     | Reached skill level 8 in Shields
  8770 | D:11     | Reached skill level 6 in Invocations
  8792 | D:11     | Reached skill level 7 in Evocations
  8798 | D:11     | Reached XP level 12. HP: 88/91 MP: 7/16
  8798 | D:11     | Noticed a boulder beetle
  8807 | D:11     | Killed a boulder beetle
  8835 | D:11     | Noticed Urug
  8852 | D:11     | Killed Urug
  9114 | Orc:1    | Entered Level 1 of the Orcish Mines
  9212 | Orc:2    | Entered Level 2 of the Orcish Mines
  9220 | Orc:2    | Found a staircase to the Elven Halls.
  9404 | Orc:2    | Reached skill level 7 in Invocations
  9419 | Orc:2    | Reached skill level 9 in Shields
  9428 | Orc:2    | Noticed Nessos
  9540 | Orc:2    | Noticed Snorg
  9551 | Orc:2    | Killed Nessos
  9552 | Orc:2    | Reached skill level 8 in Fighting
  9552 | Orc:2    | Reached skill level 8 in Armour
  9552 | Orc:2    | Reached skill level 13 in Poison Magic
  9557 | Orc:2    | Killed Snorg
  9576 | Orc:2    | Reached ***** piety under Cheibriados
  9577 | Orc:2    | Reached skill level 8 in Evocations
  9615 | Orc:1    | Reached skill level 7 in Dodging
 10246 | Orc:2    | Reached XP level 13. HP: 99/99 MP: 14/18
 10329 | Orc:2    | Reached skill level 8 in Invocations
 10375 | Orc:2    | Found Cablosus's Book Emporium.
 10375 | Orc:2    | Found Acseat's Assorted Antiques.
 10377 | Orc:2    | Found Otikobu's Weapon Emporium.
 10377 | Orc:2    | Found Ufing's Distillery.
 10387 | Orc:2    | Bought 2 potions of attraction for 72 gold pieces
 10393 | Orc:2    | Bought a potion of heal wounds for 60 gold pieces
 10540 | D:7      | Bought a scroll of blinking for 90 gold pieces
 10540 | D:7      | Bought a scroll of enchant armour for 90 gold pieces
 10704 | Lair:1   | Entered Level 1 of the Lair of Beasts
 10731 | Lair:1   | Reached skill level 10 in Shields
 10845 | Lair:1   | Reached skill level 9 in Armour
 10846 | Lair:1   | Reached skill level 9 in Fighting
 11291 | Lair:1   | Reached skill level 9 in Evocations
 11522 | Lair:2   | Noticed a catoblepas
 11539 | Lair:2   | Killed a catoblepas
 11563 | Lair:2   | Reached skill level 14 in Poison Magic
 11564 | Lair:2   | Found a gate leading to a gauntlet.
 11573 | Gauntlet | Entered a Gauntlet
 11573 | Gauntlet | Found a transporter.
 11573 | Gauntlet | Found a transporter.
 11575 | Gauntlet | Found a transporter.
 11577 | Gauntlet | Found a transporter.
 11593 | Gauntlet | Found a transporter.
 11593 | Gauntlet | Found a transporter.
 11597 | Gauntlet | Noticed a catoblepas
 11605 | Gauntlet | Found a transporter.
 11692 | Gauntlet | Found a transporter.
 11696 | Gauntlet | Found a transporter.
 11706 | Gauntlet | Found a transporter.
 11710 | Gauntlet | Found a transporter.
 11720 | Gauntlet | Found a transporter.
 11801 | Gauntlet | Reached ****** piety under Cheibriados
 11833 | Gauntlet | Reached skill level 8 in Dodging
 11933 | Gauntlet | Killed a catoblepas
 11934 | Gauntlet | Reached skill level 9 in Invocations
 11934 | Gauntlet | Reached XP level 14. HP: 68/108 MP: 12/20
 11967 | Gauntlet | Noticed a minotaur
 11982 | Gauntlet | Killed a minotaur
 12053 | Lair:2   | Reached skill level 11 in Shields
 12280 | Lair:2   | Reached skill level 10 in Armour
 12293 | Lair:2   | Reached skill level 10 in Fighting
 12586 | Lair:3   | Found a frozen archway.
 12603 | Lair:3   | Reached skill level 10 in Evocations
 12611 | IceCv    | Entered an ice cave
 12839 | IceCv    | Reached skill level 10 in Invocations
 12948 | Lair:3   | Found a staircase to the Shoals.
 13113 | Lair:3   | Reached skill level 15 in Poison Magic
 13276 | Lair:3   | Found a hole to the Spider Nest.
 13623 | Lair:4   | Reached XP level 15. HP: 117/117 MP: 17/22
 13630 | Lair:4   | Reached skill level 12 in Shields
 13689 | Lair:4   | Reached skill level 9 in Dodging
 14041 | Lair:4   | Slain by a skyshark

Illustrated notes

Levels and vault maps discovered:
D:1:      kennysheep_arrival_seaside, layout_basic, serial_shops, shop,
          st_stairs_5
D:2:      wad_woods_tower, layout_basic, uniq_jessica, uniq_sigmund
D:3:      layout_basic, hangedman_ru_absence, grunt_decor_one_mirror,
          minmay_misc_feat_rugged, uniq_robin
D:4:      layout_basic, corexii_checkpoint_a, minmay_misc_feat_alley, uniq_pargi
D:5:      layout_loops_ring
D:6:      layout_basic, mainiacjoe_overflow_surrounded_room,
          nicolae_overflow_hidden_temple, nicolae_overflow_two_pavilions,
          ebering_ghost_sewer_f, small_statue_intersection
D:7:      layout_cave_pools, minmay_temple_entry_antechambers,
          nzn_ghost_randoct, serial_shops, nicolae_shop_rolled_up
D:8:      layout_cave_pools, nicolae_qazlal_eye_of_the_storm
D:9:      layout_roguey, erik_lair_orcish_takeover, david_orc_2,
          minmay_hollow_rounded_squares
D:10:     layout_big_octagon, mainiacjoe_overflow_cross_hatched,
          kennysheep_mini, serial_shops, nicolae_stop_n_shop_2,
          hellmonk_ghost_happy_afterlife
D:11:     layout_rooms, maelrawn_ghost_gauntlet_escape, uniq_urug
Temple:   nicolae_temple_god_jail
Lair:1:   layout_regular_city, beast_lair_carwin_7
Lair:2:   layout_concentric_octagons, gauntlet_entry_generic,
          infiniplex_staircase_pool_2
Lair:3:   layout_gridlike, minmay_shoals_entry_beasts,
          nicolae_spider_entry_orb_guardian,
          portal_ice_cave_entry_animals_and_master,
          eino_small_chamber_without_monster, grunt_megastairs_4,
          lemuel_fruit_tree
Lair:4:   layout_cave_pods, grunt_megastairs_5
Orc:1:    layout_caves
Orc:2:    grunt_orc_tribal_feast, layout_diamond_mine, uniq_nessos, uniq_snorg

Skill      XL: |  1  2  3  4  5  6  7  8  9 10 11 12 13 14 15 |
---------------+----------------------------------------------+-----
Spellcasting   | 3 |  3.0
Poison Magic   | 5 8 9 10 11 12 13 14 15 | 15.1
Fighting       | 2 3 4 6 7 8 9 10 | 10.6
Armour         | 2 3 4 6 7 8 9 10 | 10.7
Dodging        | 2 3 4 5 6 7 8 9 |  9.0
Evocations     | 2 3 4 5 7 8 9 10 | 10.3
Shields        | 1 3 5 6 8 9 10 11 12 | 12.1
Invocations    | 2 4 6 7 9 10 | 10.4
Stealth        | |  2.4
Transmutations | |  1.1

Action                     |  1- 3 |  4- 6 |  7- 9 | 10-12 | 13-15 || total
---------------------------+-------+-------+-------+-------+-------++-------
  Melee: Unarmed           |     9 |       |       |    30 |       ||    39
         Dagger            |    38 |    23 |   162 |   156 |       ||   379
         Punch             |       |     2 |     2 |       |       ||     4
         Halberd           |       |       |       |   247 |   416 ||   663
   Cast: Sting             |    50 |    59 |    19 |       |       ||   128
         Olgreb's Toxic Ra |       |     4 |    33 |    67 |    62 ||   166
         Mephitic Cloud    |       |       |       |     5 |     2 ||     7
 Invoke: Slouch            |       |       |       |     1 |     4 ||     5
Ability: Dig               |       |       |     1 |       |       ||     1
  Evoke: Wand              |       |       |     3 |    17 |    20 ||    40
         Phantom mirror    |       |       |       |       |     1 ||     1
    Use: Potion            |       |       |       |     3 |       ||     3
         Scroll            |       |       |       |     9 |     8 ||    17
   Stab: Sleeping          |       |       |     4 |       |     5 ||     9
         Paralysed         |       |       |     2 |     6 |     6 ||    14
         Confused          |       |       |       |     2 |       ||     2
         Distracted        |       |       |       |       |     3 ||     3
 Armour: Robe              |     7 |    16 |    27 |     5 |       ||    55
         Skin              |       |       |       |    31 |       ||    31
         Troll leather arm |       |       |       |    15 |       ||    15
         Acid dragon scale |       |       |       |     7 |    68 ||    75
         Scale mail        |       |       |       |       |    38 ||    38
  Dodge: Dodged            |    49 |    50 |   104 |   229 |   348 ||   780
  Block: Buckler           |       |       |    54 |   199 |   250 ||   503

Table legend: (Time is in decaauts)
 A = Elapsed time spent in this place.
 B = Non-inter-level travel time spent in this place.
 C = Inter-level travel time spent in this place.
 D = Time resting spent in this place.
 E = Time spent auto-exploring this place.
 F = Levels seen in this place.
 G = Mean time per level.
                   A        B        C        D        E       F      G
               +--------+--------+--------+--------+--------+-----+--------+
         Total |  19228 |  17288 |   1940 |    838 |  11007 |  20 |  961.4 |
       Dungeon |  10909 |   9374 |   1535 |    716 |   6240 |  11 |  991.7 |
        Temple |     30 |     15 |     15 |      0 |      0 |   1 |   30.0 |
          Lair |   4830 |   4661 |    169 |     44 |   3598 |   4 | 1207.5 |
  Orcish Mines |   2287 |   2068 |    219 |     46 |   1168 |   2 | 1143.5 |
      Ice Cave |    474 |    474 |      0 |     26 |      0 |   1 |  474.0 |
      Gauntlet |    695 |    695 |      0 |      6 |      0 |   1 |  695.0 |
               +--------+--------+--------+--------+--------+-----+--------+

Top non-repeatable levels by time:
     D:9: 1826 daAuts
  Lair:3: 1534 daAuts
  Lair:1: 1470 daAuts
   Orc:2: 1468 daAuts
     D:1: 1342 daAuts
     D:8: 1085 daAuts
     D:7: 1071 daAuts
     D:2: 1066 daAuts
  Lair:2: 1022 daAuts
   Orc:1: 818 daAuts
  Lair:4: 803 daAuts
     D:5: 783 daAuts
    D:11: 776 daAuts
     D:4: 770 daAuts
     D:6: 765 daAuts
